Flyers vs Capitals

Created - Thursday, January 15, 2015 at 23:34

Goals
1 2 3 T
Flyers 0 2 2 4
Capitals 0 1 1 2
Shots
1 2 3 T
Flyers 7 15 12 34
Capitals 8 10 9 27

1st period

No Goal

Penalties :
Gabriel Landeskog (Phi) for Hooking (Minor) at 7:08, Tim Jackman (Was) for Hooking (Minor) at 11:34

2nd period

1. Capitals , Adam Henrique 19 (Lubomir Visnovsky, Travis Zajac) at 0:08
2. Flyers , Evgeni Malkin 26 (Chris Kreider, Riley Nash) at 2:39
3. Flyers , Jack Johnson 12 (Evgeni Malkin, Riley Nash) at 15:35

Penalties :
No Penalty

3rd period

4. Flyers , Taylor Hall 23 (Evgeni Malkin, Jack Johnson) at 7:45
5. Flyers , Gabriel Landeskog 14 (Niklas Kronwall) at 10:16
6. Capitals , Adam Henrique 20 (Lubomir Visnovsky, Travis Zajac) at 15:01

Penalties :
Jack Johnson (Phi) for Interference (Minor) at 16:45

Goalie Stats

Darcy Kuemper (Phi), 25 saves from 27 shots - (0.926), W, 9-2-0, 60:00 minutes
Ilya Bryzgalov (Was), 30 saves from 34 shots - (0.882), L, 3-8-0, 60:00 minutes

Players Stats for Flyers

Player Name              G  A  P  +/- PIM S  H  SB GA TA FO     MP     PP MP  PK MP  
------------------------------------------------------------------------------------
Brian Strait             0  0  0   0  0   0  0  0  0  0  0/0     0:00   0:00   0:00 
Bryan Little             0  0  0   1  0   2  1  1  2  2  0/1    18:27   0:45   0:37 
Chris Kreider            0  1  1   2  0   2  1  0  0  0  0/0     8:27   0:00   0:00 
Daniel Winnik            0  0  0   0  0   1  0  0  1  1  0/0    15:19   0:00   0:33 
Dennis Seidenberg        0  0  0   2  0   1  1  0  1  0  0/0    19:23   0:00   2:50 
Evgeni Malkin            1  2  3   1  0   9  3  0  0  0  3/10   23:25   1:14   0:00 
Gabriel Landeskog        1  0  1   1  2   5  2  0  1  0  1/1    17:36   0:45   0:34 
Jack Johnson             1  1  2   0  2   2  2  2  0  2  0/0    20:29   0:00   1:06 
Jakub Voracek            0  0  0  -1  0   0  0  0  1  0  1/1    15:45   1:14   0:00 
Jason Chimera            0  0  0   0  0   0  3  0  1  0  0/0    15:19   0:00   0:33 
Kris Letang              0  0  0   0  0   3  2  5  0  1  0/0    20:56   1:18   1:08 
Mark Letestu             0  0  0   0  0   2  1  0  3  2  6/11   17:34   0:00   2:48 
Mikko Koivu              0  0  0   1  0   1  0  0  3  0  15/19  19:11   0:45   2:51 
Niklas Kronwall          0  1  1   0  0   1  1  0  3  4  0/0    20:48   0:41   1:08 
P.K. Subban              0  0  0   0  0   2  3  2  1  1  0/0    19:48   1:18   0:00 
Riley Nash               0  2  2   2  0   0  0  0  0  0  3/5     8:27   0:00   0:00 
Slava Voynov             0  0  0   2  0   0  1  1  0  0  0/0    19:16   0:41   1:44 
Taylor Hall              1  0  1  -1  0   3  0  0  2  1  1/1    15:45   1:14   0:00 

Players Stats for Capitals

Player Name              G  A  P  +/- PIM S  H  SB GA TA FO     MP     PP MP  PK MP  
------------------------------------------------------------------------------------
Adam Henrique            2  0  2  -1  0   8  0  0  3  1  0/0    23:33   1:42   0:47 
Brett Clark              0  0  0   0  0   1  1  0  0  0  0/0    19:42   1:51   0:54 
Brett Sutter             0  0  0  -1  0   2  1  0  2  0  2/4    15:42   0:07   0:28 
Cory Emmerton            0  0  0  -1  0   0  0  0  0  0  1/5     7:09   0:00   0:00 
Justin Florek            0  0  0  -1  0   0  1  0  2  1  0/0    17:12   2:09   0:00 
Keaton Ellerby           0  0  0   0  0   0  0  0  0  2  0/0    19:40   2:07   1:05 
Linus Omark              0  0  0   0  0   2  1  0  0  0  1/2    19:31   2:09   0:00 
Lubomir Visnovsky        0  2  2  -2  0   4  2  2  3  0  0/0    25:13   2:07   1:05 
Luke Adam                0  0  0  -1  0   0  0  1  1  0  1/1     8:07   0:00   0:58 
Mark Flood               0  0  0   0  0   0  2  2  0  3  0/0    15:04   0:00   0:00 
Matt Beleskey            0  0  0  -1  0   2  1  0  2  0  0/0    14:34   0:00   0:00 
Matt Taormina            0  0  0  -2  0   1  0  0  0  0  0/0     4:19   0:00   0:00 
Peter Regin              0  0  0   0  0   0  0  0  1  1  4/18   19:42   2:09   0:27 
RJ Umberger              0  0  0   0  0   1  1  1  3  1  1/2    16:48   0:00   0:00 
Stefan Elliott           0  0  0   0  0   0  3  0  0  3  0/0    16:18   0:00   0:00 
Steve Oleksy             0  0  0   0  0   5  2  2  0  1  0/0    19:42   1:51   0:54 
Tim Jackman              0  0  0   0  2   0  1  0  0  0  0/0    17:19   1:49   0:00 
Travis Zajac             0  2  2   0  0   1  0  0  2  0  9/17   18:20   1:49   1:18 

3 Stars

1 - Evgeni Malkin (Phi)
2 - Adam Henrique (Was)
3 - Riley Nash (Phi)

Power Play

Flyers - 0 on 1 Attempt(s) - 0.00%
Capitals - 0 on 2 Attempt(s) - 0.00%

Penalty Kill

Flyers - 2 on 2 Attempt(s) - 100.00% - Score 0 goal in Penalty Kill
Capitals - 1 on 1 Attempt(s) - 100.00% - Score 0 goal in Penalty Kill

Team Stat

Flyers - Hits : 21 - Faceoff Wins : 30 - Blocked Shots : 11 - Penalty Minutes : 4
Capitals - Hits : 16 - Faceoff Wins : 19 - Blocked Shots : 8 - Penalty Minutes : 2

Official

Referees : Unknown
Linesman : Unknown

Game Notes

Matt Taormina is injured at 5:38 of 3rd period (Groin)

Finance

Level 1 -- Attendance: 4612 (76.87%) -- Ticket Income $415,080
Level 2 -- Attendance: 3699 (73.98%) -- Ticket Income $203,445
Level 3 -- Attendance: 1961 (98.05%) -- Ticket Income $58,830
Level 4 -- Attendance: 4000 (100.00%) -- Ticket Income $68,000
Luxury Box -- Attendance: 954 (95.40%) -- Ticket Income $164,088
Game was played at the Verizon Center'
Total Attendance: 15226 (84.59%)
Total Ticket Income: $909,443
Other Income: $445,627
Total Income: $1,355,070

Flyers

5 vs 5 Forward 
   Center                   Left Wing                Right Wing               Time % Phy DF OF 
 1 Evgeni Malkin            Taylor Hall              Jakub Voracek            36     0   0  5  
 2 Mikko Koivu              Gabriel Landeskog        Bryan Little             32     0   2  3  
 3 Mark Letestu             Daniel Winnik            Jason Chimera            20     0   3  2  
 4 Riley Nash               Chris Kreider            Evgeni Malkin            12     2   2  1  

5 vs 5 Defense 
   Defense                  Defense                                           Time % Phy DF OF 
 1 Kris Letang              P.K. Subban                                       35     0   2  3  
 2 Jack Johnson             Niklas Kronwall                                   35     0   2  3  
 3 Slava Voynov             Dennis Seidenberg                                 20     2   3  0  
 4 Slava Voynov             Dennis Seidenberg                                 10     1   4  0  

PowerPlay Forward 
   Center                   Left Wing                Right Wing               Time % Phy DF OF 
 1 Evgeni Malkin            Taylor Hall              Jakub Voracek            60     0   0  5  
 2 Mikko Koivu              Gabriel Landeskog        Bryan Little             40     0   0  5  

PowerPlay Defense
   Defense                  Defense                                           Time % Phy DF OF 
 1 Kris Letang              P.K. Subban                                       60     0   1  4  
 2 Slava Voynov             Niklas Kronwall                                   40     0   1  4  

Penalty Kill 4 Players Forward 
   Center                   Wing                     Time % Phy DF OF 
 1 Mikko Koivu              Mark Letestu             60     0   4  1  
 2 Daniel Winnik            Jason Chimera            40     0   5  0  

Penalty Kill 4 Players Defense
   Defense                  Defense                  Time % Phy DF OF 
 1 Jack Johnson             Dennis Seidenberg        60     0   4  1  
 2 Kris Letang              Niklas Kronwall          40     0   5  0  

Penalty Kill - 3 Players Forward 
   Forward                                           Time % Phy DF OF 
 1 Mikko Koivu                                       50     0   5  0  
 2 Mark Letestu                                      50     0   5  0  

Penalty Kill - 3 Players Defense
   Defense                  Defense                  Time % Phy DF OF 
 1 Jack Johnson             Dennis Seidenberg        60     0   5  0  
 2 Kris Letang              Niklas Kronwall          40     0   5  0  

4 vs 4 Forward 
   Center                   Wing                     Time % Phy DF OF 
 1 Evgeni Malkin            Taylor Hall              60     0   1  4  
 2 Bryan Little             Jakub Voracek            40     0   1  4  

4 vs 4 Defense
   Defense                  Defense                  Time % Phy DF OF 
 1 Kris Letang              P.K. Subban              60     1   3  1  
 2 Slava Voynov             Niklas Kronwall          40     1   3  1  

Last Minutes Offensive
   Center                   Left Wing                Right Wing               Defense                  Defense                  
   Evgeni Malkin            Taylor Hall              Jakub Voracek            Niklas Kronwall          P.K. Subban              

Last Minutes Defensive
   Center                   Left Wing                Right Wing               Defense                  Defense                  
   Mikko Koivu              Mark Letestu             Bryan Little             Jack Johnson             Niklas Kronwall          

Goaltenders
Starting : Darcy Kuemper            
Backup : Corey Crawford           

Extra Forwards
Normal : Evgeni Malkin, Taylor Hall, Jakub Voracek - PP : Chris Kreider, Mark Letestu - PK : Bryan Little
Extra Defensemen
Normal : Niklas Kronwall, Slava Voynov, Kris Letang - PP : Jack Johnson - PK : Slava Voynov, P.K. Subban
Penalty Shots
Taylor Hall, Bryan Little, Evgeni Malkin, Mikko Koivu, Gabriel Landeskog

Capitals

5 vs 5 Forward 
   Center                   Left Wing                Right Wing               Time % Phy DF OF 
 1 Travis Zajac             Adam Henrique            Tim Jackman              35     1   2  2  
 2 Peter Regin              Linus Omark              RJ Umberger              30     1   2  2  
 3 Brett Sutter             Justin Florek            Matt Beleskey            22     1   2  2  
 4 Cory Emmerton            Luke Adam                Adam Henrique            13     1   2  2  

5 vs 5 Defense 
   Defense                  Defense                                           Time % Phy DF OF 
 1 Lubomir Visnovsky        Keaton Ellerby                                    35     1   2  2  
 2 Brett Clark              Steve Oleksy                                      30     1   2  2  
 3 Stefan Elliott           Mark Flood                                        22     1   2  2  
 4 Matt Taormina            Lubomir Visnovsky                                 13     1   2  2  

PowerPlay Forward 
   Center                   Left Wing                Right Wing               Time % Phy DF OF 
 1 Travis Zajac             Adam Henrique            Tim Jackman              60     1   2  2  
 2 Peter Regin              Linus Omark              Justin Florek            40     1   2  2  

PowerPlay Defense
   Defense                  Defense                                           Time % Phy DF OF 
 1 Lubomir Visnovsky        Keaton Ellerby                                    60     1   2  2  
 2 Brett Clark              Steve Oleksy                                      40     1   2  2  

Penalty Kill 4 Players Forward 
   Center                   Wing                     Time % Phy DF OF 
 1 Travis Zajac             Adam Henrique            60     1   2  2  
 2 Peter Regin              Tim Jackman              40     1   2  2  

Penalty Kill 4 Players Defense
   Defense                  Defense                  Time % Phy DF OF 
 1 Lubomir Visnovsky        Keaton Ellerby           60     1   2  2  
 2 Brett Clark              Steve Oleksy             40     1   2  2  

Penalty Kill - 3 Players Forward 
   Forward                                           Time % Phy DF OF 
 1 Travis Zajac                                      60     1   2  2  
 2 Adam Henrique                                     40     1   2  2  

Penalty Kill - 3 Players Defense
   Defense                  Defense                  Time % Phy DF OF 
 1 Lubomir Visnovsky        Keaton Ellerby           60     1   2  2  
 2 Brett Clark              Steve Oleksy             40     1   2  2  

4 vs 4 Forward 
   Center                   Wing                     Time % Phy DF OF 
 1 Travis Zajac             Adam Henrique            60     1   2  2  
 2 Peter Regin              Tim Jackman              40     1   2  2  

4 vs 4 Defense
   Defense                  Defense                  Time % Phy DF OF 
 1 Lubomir Visnovsky        Keaton Ellerby           60     1   2  2  
 2 Brett Clark              Steve Oleksy             40     1   2  2  

Last Minutes Offensive
   Center                   Left Wing                Right Wing               Defense                  Defense                  
   Travis Zajac             Adam Henrique            Tim Jackman              Lubomir Visnovsky        Keaton Ellerby           

Last Minutes Defensive
   Center                   Left Wing                Right Wing               Defense                  Defense                  
   Travis Zajac             Adam Henrique            Tim Jackman              Lubomir Visnovsky        Keaton Ellerby           

Goaltenders
Starting : Ilya Bryzgalov           
Backup : Karri Ramo               

Extra Forwards
Normal : Justin Florek, Brett Sutter, Luke Adam - PP : Justin Florek, Brett Sutter - PK : Luke Adam
Extra Defensemen
Normal : Stefan Elliott, Mark Flood, Lubomir Visnovsky - PP : Stefan Elliott - PK : Mark Flood, Lubomir Visnovsky
Penalty Shots
Travis Zajac, Adam Henrique, Peter Regin, Tim Jackman, Linus Omark

% Time on Ice - Flyers

Lines # - Real PCT - Wanted PCT - Time Play
Normal Forward
1 - 29% - 36% - 15:37
2 - 28% - 32% - 15:12
3 - 27% - 20% - 14:46
4 - 16% - 12% - 8:28
Normal Defense
1 - 36% - 35% - 19:37
2 - 35% - 35% - 18:59
3 - 19% - 20% - 10:00
4 - 10% - 10% - 5:27
PP Forward
1 - 62% - 60% - 1:14
2 - 38% - 40% - 0:45
PP Defense
1 - 66% - 60% - 1:18
2 - 34% - 40% - 0:41
PK Forward
1 - 86% - 60% - 3:25
2 - 14% - 40% - 0:33
PK Defense
1 - 71% - 60% - 2:50
2 - 29% - 40% - 1:08
PK3 Forward
1 - 0% - 50%
2 - 0% - 50%
PK3 Defense
1 - 0% - 60%
2 - 0% - 40%
44 Forward
1 - 0% - 60%
2 - 0% - 40%
44 Defense
1 - 0% - 60%
2 - 0% - 40%
Last Minute Offensive  - 0:00
Last Minute Defensive  - 0:00
Total
Forward - 60:00
Defense - 60:00

% Time on Ice - Capitals

Lines # - Real PCT - Wanted PCT - Time Play
Normal Forward
1 - 28% - 35% - 15:13
2 - 32% - 30% - 17:06
3 - 27% - 22% - 14:35
4 - 13% - 13% - 7:09
Normal Defense
1 - 30% - 35% - 16:28
2 - 31% - 30% - 16:57
3 - 28% - 22% - 15:04
4 - 10% - 13% - 5:34
PP Forward
1 - 46% - 60% - 1:49
2 - 54% - 40% - 2:09
PP Defense
1 - 53% - 60% - 2:07
2 - 47% - 40% - 1:51
PK Forward
1 - 77% - 60% - 1:32
2 - 23% - 40% - 0:27
PK Defense
1 - 55% - 60% - 1:05
2 - 45% - 40% - 0:54
PK3 Forward
1 - 0% - 60%
2 - 0% - 40%
PK3 Defense
1 - 0% - 60%
2 - 0% - 40%
44 Forward
1 - 0% - 60%
2 - 0% - 40%
44 Defense
1 - 0% - 60%
2 - 0% - 40%
Last Minute Offensive  - 0:00
Last Minute Defensive  - 0:00
Total
Forward - 60:00
Defense - 60:00

Play by Play

1st period


0:01 of 1st period - Travis Zajac wins face-off versus Evgeni Malkin in neutral zone.
0:44 of 1st period - Icing by P.K. Subban.
0:45 of 1st period - Taylor Hall wins face-off versus Peter Regin in Flyers zone.
1:15 of 1st period - Icing by RJ Umberger.
1:16 of 1st period - Peter Regin wins face-off versus Mikko Koivu in Capitals zone.
2:02 of 1st period - Niklas Kronwall is hit by Steve Oleksy and loses puck.
2:35 of 1st period - Jack Johnson is hit by Justin Florek and loses puck.
3:14 of 1st period - Snap shot by Chris Kreider.
3:14 of 1st period - Stopped by Ilya Bryzgalov without a rebound.
3:15 of 1st period - Travis Zajac wins face-off versus Mikko Koivu in Capitals zone.
4:16 of 1st period - Wrist shot by Taylor Hall.
4:16 of 1st period - Deflect By Evgeni Malkin.
4:16 of 1st period - Shot Blocked by Lubomir Visnovsky.
4:16 of 1st period - Puck is out of play.
4:17 of 1st period - Mark Letestu wins face-off versus Peter Regin in Capitals zone.
4:30 of 1st period - Slava Voynov is hit by Linus Omark and loses puck.
4:37 of 1st period - Peter Regin is hit by Slava Voynov.
5:12 of 1st period - Tim Jackman is hit by Evgeni Malkin.
5:34 of 1st period - Mikko Koivu is hit by Tim Jackman and loses puck.
6:43 of 1st period - Slapshot by P.K. Subban.
6:43 of 1st period - Shot Blocked by Luke Adam.
7:01 of 1st period - Snap shot by RJ Umberger.
7:01 of 1st period - Shot Misses the Net.
7:03 of 1st period - Slapshot by Keaton Ellerby.
7:03 of 1st period - Shot Blocked by Kris Letang.
7:05 of 1st period - Slapshot by Lubomir Visnovsky.
7:05 of 1st period - Stopped by Darcy Kuemper without a rebound.
7:06 of 1st period - Mikko Koivu wins face-off versus Peter Regin in Flyers zone.
7:08 of 1st period - Minor Penalty to Gabriel Landeskog for Hooking.
7:09 of 1st period - Mikko Koivu wins face-off versus Peter Regin in Flyers zone.
7:17 of 1st period - Wrist shot by Mark Letestu.
7:17 of 1st period - Shot Misses the Net.
7:38 of 1st period - Icing by Linus Omark.
7:39 of 1st period - Mikko Koivu wins face-off versus Peter Regin in Capitals zone.
7:42 of 1st period - Snap shot by Mark Letestu.
7:42 of 1st period - Stopped by Ilya Bryzgalov with a rebound.
7:50 of 1st period - Wrist shot by Lubomir Visnovsky.
7:50 of 1st period - Shot Blocked by Kris Letang.
8:27 of 1st period - Lubomir Visnovsky is hit by Kris Letang and loses puck.
8:48 of 1st period - Dennis Seidenberg is hit by Brett Clark and loses puck.
9:08 of 1st period - Penalty to Gabriel Landeskog is over, Gabriel Landeskog is back on ice.
9:44 of 1st period - Steve Oleksy is hit by P.K. Subban and loses puck.
9:49 of 1st period - Snap shot by Evgeni Malkin.
9:49 of 1st period - Shot Misses the Net.
9:51 of 1st period - Slapshot by P.K. Subban.
9:51 of 1st period - Shot Misses the Net.
9:59 of 1st period - Slapshot by Taylor Hall.
9:59 of 1st period - Stopped by Ilya Bryzgalov without a rebound.
10:00 of 1st period - Luke Adam wins face-off versus Riley Nash in Capitals zone.
10:05 of 1st period - Slava Voynov is hit by Stefan Elliott and loses puck.
10:51 of 1st period - RJ Umberger is hit by Mark Letestu and loses puck.
11:26 of 1st period - Snap shot by Bryan Little.
11:26 of 1st period - Deflect By Adam Henrique.
11:26 of 1st period - Stopped by Ilya Bryzgalov with a rebound.
11:34 of 1st period - Minor Penalty to Tim Jackman for Hooking.
11:35 of 1st period - Travis Zajac wins face-off versus Evgeni Malkin in Capitals zone.
12:15 of 1st period - Icing by P.K. Subban.
12:16 of 1st period - Mikko Koivu wins face-off versus Travis Zajac in Flyers zone.
13:34 of 1st period - Penalty to Tim Jackman is over, Tim Jackman is back on ice.
14:14 of 1st period - Wrist shot by Matt Beleskey.
14:14 of 1st period - Stopped by Darcy Kuemper without a rebound.
14:15 of 1st period - Mikko Koivu wins face-off versus Peter Regin in Flyers zone.
14:33 of 1st period - Snap shot by Gabriel Landeskog.
14:33 of 1st period - Stopped by Ilya Bryzgalov without a rebound.
14:34 of 1st period - Mikko Koivu wins face-off versus RJ Umberger in Capitals zone.
14:35 of 1st period - Wrist shot by Bryan Little.
14:35 of 1st period - Stopped by Ilya Bryzgalov with a rebound.
14:37 of 1st period - Slapshot by Kris Letang.
14:37 of 1st period - Stopped by Ilya Bryzgalov with a rebound.
14:39 of 1st period - Slapshot by P.K. Subban.
14:39 of 1st period - Shot Blocked by Lubomir Visnovsky.
14:41 of 1st period - Slapshot by Kris Letang.
14:41 of 1st period - Shot Blocked by RJ Umberger.
14:58 of 1st period - Icing by Daniel Winnik.
14:59 of 1st period - Cory Emmerton wins face-off versus Mark Letestu in Flyers zone.
15:08 of 1st period - Cory Emmerton is hit by Jason Chimera and loses puck.
15:46 of 1st period - Snap shot by Brett Sutter.
15:46 of 1st period - Shot Blocked by P.K. Subban.
15:48 of 1st period - Snap shot by Justin Florek.
15:48 of 1st period - Shot Blocked by Kris Letang.
15:50 of 1st period - Slapshot by Stefan Elliott.
15:50 of 1st period - Shot Blocked by Kris Letang.
15:52 of 1st period - Snap shot by Brett Sutter.
15:52 of 1st period - Stopped by Darcy Kuemper with a rebound.
15:54 of 1st period - Snap shot by Matt Beleskey.
15:54 of 1st period - Shot Blocked by P.K. Subban.
15:56 of 1st period - Slapshot by Brett Sutter.
15:56 of 1st period - Stopped by Darcy Kuemper without a rebound.
15:57 of 1st period - Mikko Koivu wins face-off versus Travis Zajac in Flyers zone.
17:21 of 1st period - Snap shot by Steve Oleksy.
17:21 of 1st period - Shot Blocked by Jack Johnson.
17:23 of 1st period - Wrist shot by Steve Oleksy.
17:23 of 1st period - Stopped by Darcy Kuemper with a rebound.
17:25 of 1st period - Slapshot by Steve Oleksy.
17:25 of 1st period - Shot Misses the Net.
17:27 of 1st period - Snap shot by Brett Sutter.
17:27 of 1st period - Shot Misses the Net.
17:39 of 1st period - Slapshot by Steve Oleksy.
17:39 of 1st period - Stopped by Darcy Kuemper with a rebound.
17:49 of 1st period - Wrist shot by Adam Henrique.
17:49 of 1st period - Stopped by Darcy Kuemper with a rebound.
17:59 of 1st period - Snap shot by Adam Henrique.
17:59 of 1st period - Stopped by Darcy Kuemper without a rebound.
18:00 of 1st period - Mikko Koivu wins face-off versus Cory Emmerton in Flyers zone.
18:00 of 1st period - Mikko Koivu is hit by Stefan Elliott.
18:16 of 1st period - P.K. Subban is hit by Mark Flood and loses puck.
18:29 of 1st period - Linus Omark is hit by Bryan Little and loses puck.
18:46 of 1st period - Mark Flood is hit by Evgeni Malkin and loses puck.
19:31 of 1st period - Adam Henrique is hit by Jason Chimera and loses puck.
Goals for this period are 0 for Flyers vs 0 for Capitals.
Shots for this period are 7 for Flyers vs 8 for Capitals.

2nd period


0:01 of 2nd period - Travis Zajac wins face-off versus Evgeni Malkin in neutral zone.
0:04 of 2nd period - Slapshot by Lubomir Visnovsky.
0:04 of 2nd period - Stopped by Darcy Kuemper with a rebound.
0:06 of 2nd period - Wrist shot by Adam Henrique.
0:06 of 2nd period - Shot Hit the Post.
0:08 of 2nd period - Snap shot by Adam Henrique.
0:08 of 2nd period - Goal by Adam Henrique - Flyers : 0 - Capitals : 1.
0:09 of 2nd period - Evgeni Malkin wins face-off versus Travis Zajac in neutral zone.
0:18 of 2nd period - Snap shot by Evgeni Malkin.
0:18 of 2nd period - Stopped by Ilya Bryzgalov with a rebound.
0:38 of 2nd period - Slapshot by Taylor Hall.
0:38 of 2nd period - Stopped by Ilya Bryzgalov with a rebound.
1:25 of 2nd period - Snap shot by RJ Umberger.
1:25 of 2nd period - Shot Misses the Net.
1:27 of 2nd period - Wrist shot by RJ Umberger.
1:27 of 2nd period - Stopped by Darcy Kuemper with a rebound.
1:46 of 2nd period - Slapshot by Steve Oleksy.
1:46 of 2nd period - Deflect By Matt Beleskey.
1:46 of 2nd period - Stopped by Darcy Kuemper with a rebound.
1:48 of 2nd period - Slapshot by Steve Oleksy.
1:48 of 2nd period - Shot Misses the Net.
2:23 of 2nd period - Snap shot by P.K. Subban.
2:23 of 2nd period - Stopped by Ilya Bryzgalov without a rebound.
2:24 of 2nd period - Riley Nash wins face-off versus Travis Zajac in Capitals zone.
2:39 of 2nd period - Wrist shot by Evgeni Malkin.
2:39 of 2nd period - Goal by Evgeni Malkin - Flyers : 1 - Capitals : 1.
2:40 of 2nd period - Travis Zajac wins face-off versus Evgeni Malkin in neutral zone.
2:48 of 2nd period - Snap shot by Evgeni Malkin.
2:48 of 2nd period - Stopped by Ilya Bryzgalov without a rebound.
2:49 of 2nd period - Evgeni Malkin wins face-off versus Travis Zajac in Capitals zone.
2:58 of 2nd period - Slapshot by Evgeni Malkin.
2:58 of 2nd period - Shot Misses the Net.
3:52 of 2nd period - Wrist shot by Gabriel Landeskog.
3:52 of 2nd period - Stopped by Ilya Bryzgalov without a rebound.
3:53 of 2nd period - Peter Regin wins face-off versus Mark Letestu in Capitals zone.
4:06 of 2nd period - Snap shot by RJ Umberger.
4:06 of 2nd period - Deflect By Linus Omark.
4:06 of 2nd period - Stopped by Darcy Kuemper without a rebound.
4:07 of 2nd period - Mark Letestu wins face-off versus Peter Regin in Flyers zone.
4:38 of 2nd period - Slapshot by Niklas Kronwall.
4:38 of 2nd period - Deflect By Steve Oleksy.
4:38 of 2nd period - Stopped by Ilya Bryzgalov with a rebound.
4:40 of 2nd period - Slapshot by Jack Johnson.
4:40 of 2nd period - Shot Blocked by Steve Oleksy.
5:00 of 2nd period - Snap shot by Evgeni Malkin.
5:00 of 2nd period - Shot Misses the Net.
5:08 of 2nd period - Snap shot by Evgeni Malkin.
5:08 of 2nd period - Stopped by Ilya Bryzgalov with a rebound.
5:14 of 2nd period - Backhand shot by Evgeni Malkin.
5:14 of 2nd period - Stopped by Ilya Bryzgalov without a rebound.
5:15 of 2nd period - Mikko Koivu wins face-off versus Cory Emmerton in Capitals zone.
6:06 of 2nd period - Dennis Seidenberg is hit by Lubomir Visnovsky and loses puck.
6:20 of 2nd period - Snap shot by Justin Florek.
6:20 of 2nd period - Shot Misses the Net.
6:22 of 2nd period - Snap shot by Stefan Elliott.
6:22 of 2nd period - Deflect By Matt Beleskey.
6:22 of 2nd period - Shot Misses the Net.
6:22 of 2nd period - Puck is out of play.
6:23 of 2nd period - Mark Letestu wins face-off versus Peter Regin in Flyers zone.
6:49 of 2nd period - Slapshot by RJ Umberger.
6:49 of 2nd period - Shot Misses the Net.
6:51 of 2nd period - Snap shot by Stefan Elliott.
6:51 of 2nd period - Shot Blocked by Kris Letang.
7:36 of 2nd period - Brett Clark is hit by P.K. Subban and loses puck.
8:03 of 2nd period - Lubomir Visnovsky is hit by P.K. Subban and loses puck.
8:10 of 2nd period - Slapshot by Matt Taormina.
8:10 of 2nd period - Stopped by Darcy Kuemper with a rebound.
8:22 of 2nd period - Steve Oleksy is hit by Gabriel Landeskog and loses puck.
10:14 of 2nd period - Lubomir Visnovsky is hit by Gabriel Landeskog.
10:48 of 2nd period - Snap shot by Daniel Winnik.
10:48 of 2nd period - Stopped by Ilya Bryzgalov without a rebound.
10:49 of 2nd period - Mark Letestu wins face-off versus Peter Regin in Capitals zone.
11:49 of 2nd period - Snap shot by Gabriel Landeskog.
11:49 of 2nd period - Stopped by Ilya Bryzgalov with a rebound.
12:40 of 2nd period - Snap shot by RJ Umberger.
12:40 of 2nd period - Shot Misses the Net.
12:46 of 2nd period - Kris Letang is hit by Lubomir Visnovsky and loses puck.
13:19 of 2nd period - Slapshot by Adam Henrique.
13:19 of 2nd period - Shot Misses the Net.
14:09 of 2nd period - Slapshot by Slava Voynov.
14:09 of 2nd period - Shot Blocked by Mark Flood.
14:29 of 2nd period - Snap shot by Adam Henrique.
14:29 of 2nd period - Stopped by Darcy Kuemper with a rebound.
14:35 of 2nd period - Backhand shot by Lubomir Visnovsky.
14:35 of 2nd period - Stopped by Darcy Kuemper without a rebound.
14:36 of 2nd period - Travis Zajac wins face-off versus Bryan Little in Flyers zone.
15:09 of 2nd period - Snap shot by Mark Letestu.
15:09 of 2nd period - Stopped by Ilya Bryzgalov with a rebound.
15:15 of 2nd period - Wrist shot by Daniel Winnik.
15:15 of 2nd period - Shot Misses the Net.
15:17 of 2nd period - Slapshot by Jason Chimera.
15:17 of 2nd period - Shot Misses the Net.
15:33 of 2nd period - Snap shot by Evgeni Malkin.
15:33 of 2nd period - Stopped by Ilya Bryzgalov with a rebound.
15:35 of 2nd period - Wrist shot by Jack Johnson.
15:35 of 2nd period - Goal by Jack Johnson - Flyers : 2 - Capitals : 1.
15:36 of 2nd period - Linus Omark wins face-off versus Mikko Koivu in neutral zone.
15:41 of 2nd period - Snap shot by Mikko Koivu.
15:41 of 2nd period - Shot Misses the Net.
15:43 of 2nd period - Slapshot by Slava Voynov.
15:43 of 2nd period - Deflect By Mikko Koivu.
15:43 of 2nd period - Shot Misses the Net.
15:43 of 2nd period - Puck is out of play.
15:44 of 2nd period - Gabriel Landeskog wins face-off versus Peter Regin in Capitals zone.
16:25 of 2nd period - Snap shot by Adam Henrique.
16:25 of 2nd period - Stopped by Darcy Kuemper without a rebound.
16:26 of 2nd period - Travis Zajac wins face-off versus Mark Letestu in Flyers zone.
16:43 of 2nd period - Wrist shot by Travis Zajac.
16:43 of 2nd period - Stopped by Darcy Kuemper with a rebound.
18:10 of 2nd period - Niklas Kronwall is hit by RJ Umberger and loses puck.
18:42 of 2nd period - Steve Oleksy is hit by Jack Johnson and loses puck.
18:55 of 2nd period - Snap shot by Mark Letestu.
18:55 of 2nd period - Shot Blocked by Steve Oleksy.
18:57 of 2nd period - Slapshot by Dennis Seidenberg.
18:57 of 2nd period - Stopped by Ilya Bryzgalov without a rebound.
18:58 of 2nd period - Mark Letestu wins face-off versus Brett Sutter in Capitals zone.
19:56 of 2nd period - Wrist shot by Evgeni Malkin.
19:56 of 2nd period - Deflect By Taylor Hall.
19:56 of 2nd period - Shot Blocked by Mark Flood.
19:56 of 2nd period - Puck is out of play.
19:57 of 2nd period - Mikko Koivu wins face-off versus Travis Zajac in Capitals zone.
Goals for this period are 2 for Flyers vs 1 for Capitals.
Shots for this period are 15 for Flyers vs 10 for Capitals.

3rd period


0:01 of 3rd period - Jakub Voracek wins face-off versus Travis Zajac in neutral zone.
1:28 of 3rd period - Mikko Koivu is hit by Matt Beleskey and loses puck.
2:37 of 3rd period - Matt Taormina is hit by Niklas Kronwall and loses puck.
4:40 of 3rd period - Snap shot by Adam Henrique.
4:40 of 3rd period - Stopped by Darcy Kuemper with a rebound.
4:42 of 3rd period - Slapshot by Steve Oleksy.
4:42 of 3rd period - Deflect By Mikko Koivu.
4:42 of 3rd period - Stopped by Darcy Kuemper with a rebound.
4:44 of 3rd period - Slapshot by Brett Clark.
4:44 of 3rd period - Shot Blocked by Bryan Little.
4:46 of 3rd period - Slapshot by Steve Oleksy.
4:46 of 3rd period - Stopped by Darcy Kuemper without a rebound.
4:47 of 3rd period - Riley Nash wins face-off versus Cory Emmerton in Flyers zone.
5:10 of 3rd period - Kris Letang is hit by Steve Oleksy and loses puck.
5:37 of 3rd period - Matt Taormina is hit by Kris Letang and loses puck.
5:38 of 3rd period - Matt Taormina from Capitals is injured at 5:38 of 3rd period (Groin).
5:39 of 3rd period - Travis Zajac wins face-off versus Evgeni Malkin in Capitals zone.
6:04 of 3rd period - Wrist shot by Jakub Voracek.
6:04 of 3rd period - Deflect By Evgeni Malkin.
6:04 of 3rd period - Stopped by Ilya Bryzgalov with a rebound.
6:12 of 3rd period - Slapshot by Evgeni Malkin.
6:12 of 3rd period - Stopped by Ilya Bryzgalov without a rebound.
6:13 of 3rd period - Mikko Koivu wins face-off versus Peter Regin in Capitals zone.
6:30 of 3rd period - Snap shot by Linus Omark.
6:30 of 3rd period - Shot Misses the Net.
6:32 of 3rd period - Slapshot by Brett Clark.
6:32 of 3rd period - Deflect By Kris Letang.
6:32 of 3rd period - Stopped by Darcy Kuemper without a rebound.
6:33 of 3rd period - Mikko Koivu wins face-off versus Linus Omark in Flyers zone.
6:38 of 3rd period - Slapshot by P.K. Subban.
6:38 of 3rd period - Stopped by Ilya Bryzgalov with a rebound.
7:45 of 3rd period - Slapshot by Taylor Hall.
7:45 of 3rd period - Goal by Taylor Hall - Flyers : 3 - Capitals : 1.
7:46 of 3rd period - Evgeni Malkin wins face-off versus Brett Sutter in neutral zone.
8:18 of 3rd period - Off-side.
8:19 of 3rd period - Mark Letestu wins face-off versus Peter Regin in neutral zone.
8:40 of 3rd period - Dennis Seidenberg is hit by Stefan Elliott and loses puck.
8:55 of 3rd period - Slapshot by Linus Omark.
8:55 of 3rd period - Shot Blocked by Slava Voynov.
9:11 of 3rd period - Dennis Seidenberg is hit by Mark Flood and loses puck.
9:28 of 3rd period - Slapshot by Travis Zajac.
9:28 of 3rd period - Deflect By Adam Henrique.
9:28 of 3rd period - Shot Misses the Net.
9:28 of 3rd period - Puck is out of play.
9:29 of 3rd period - Brett Sutter wins face-off versus Evgeni Malkin in Flyers zone.
10:16 of 3rd period - Wrist shot by Gabriel Landeskog.
10:16 of 3rd period - Goal by Gabriel Landeskog - Flyers : 4 - Capitals : 1.
10:17 of 3rd period - Travis Zajac wins face-off versus Mikko Koivu in neutral zone.
10:42 of 3rd period - Snap shot by Gabriel Landeskog.
10:42 of 3rd period - Deflect By Mikko Koivu.
10:42 of 3rd period - Stopped by Ilya Bryzgalov with a rebound.
10:44 of 3rd period - Wrist shot by Mikko Koivu.
10:44 of 3rd period - Shot Misses the Net.
10:46 of 3rd period - Backhand shot by Kris Letang.
10:46 of 3rd period - Deflect By Adam Henrique.
10:46 of 3rd period - Stopped by Ilya Bryzgalov with a rebound.
10:48 of 3rd period - Slapshot by Kris Letang.
10:48 of 3rd period - Stopped by Ilya Bryzgalov with a rebound.
11:44 of 3rd period - Linus Omark is hit by Jason Chimera.
11:58 of 3rd period - Lubomir Visnovsky is hit by Jack Johnson and loses puck.
12:03 of 3rd period - Backhand shot by Jack Johnson.
12:03 of 3rd period - Stopped by Ilya Bryzgalov without a rebound.
12:04 of 3rd period - Brett Sutter wins face-off versus Riley Nash in Capitals zone.
12:19 of 3rd period - Brett Sutter is hit by Chris Kreider and loses puck.
12:32 of 3rd period - Slapshot by Chris Kreider.
12:32 of 3rd period - Stopped by Ilya Bryzgalov without a rebound.
12:33 of 3rd period - Mikko Koivu wins face-off versus Cory Emmerton in Capitals zone.
13:03 of 3rd period - Wrist shot by Gabriel Landeskog.
13:03 of 3rd period - Stopped by Ilya Bryzgalov without a rebound.
13:04 of 3rd period - Peter Regin wins face-off versus Mark Letestu in Capitals zone.
13:08 of 3rd period - Off-side.
13:09 of 3rd period - Peter Regin wins face-off versus Mark Letestu in neutral zone.
13:22 of 3rd period - Snap shot by Linus Omark.
13:22 of 3rd period - Stopped by Darcy Kuemper with a rebound.
14:18 of 3rd period - Keaton Ellerby is hit by Evgeni Malkin and loses puck.
15:01 of 3rd period - Snap shot by Adam Henrique.
15:01 of 3rd period - Goal by Adam Henrique - Flyers : 4 - Capitals : 2.
15:02 of 3rd period - Mikko Koivu wins face-off versus Peter Regin in neutral zone.
15:13 of 3rd period - Wrist shot by Bryan Little.
15:13 of 3rd period - Shot Misses the Net.
15:49 of 3rd period - Slapshot by Adam Henrique.
15:49 of 3rd period - Stopped by Darcy Kuemper with a rebound.
15:51 of 3rd period - Slapshot by Steve Oleksy.
15:51 of 3rd period - Stopped by Darcy Kuemper without a rebound.
15:52 of 3rd period - Riley Nash wins face-off versus Travis Zajac in Flyers zone.
16:20 of 3rd period - Slapshot by Lubomir Visnovsky.
16:20 of 3rd period - Shot Blocked by Jack Johnson.
16:22 of 3rd period - Slapshot by Keaton Ellerby.
16:22 of 3rd period - Shot Misses the Net.
16:45 of 3rd period - Minor Penalty to Jack Johnson for Interference.
16:46 of 3rd period - Mikko Koivu wins face-off versus Peter Regin in Flyers zone.
17:23 of 3rd period - Snap shot by Linus Omark.
17:23 of 3rd period - Shot Misses the Net.
18:23 of 3rd period - Slapshot by Lubomir Visnovsky.
18:23 of 3rd period - Stopped by Darcy Kuemper with a rebound.
18:33 of 3rd period - Keaton Ellerby is hit by Dennis Seidenberg and loses puck.
18:45 of 3rd period - Penalty to Jack Johnson is over, Jack Johnson is back on ice.
19:01 of 3rd period - Jack Johnson is hit by Brett Sutter and loses puck.
19:34 of 3rd period - Snap shot by Evgeni Malkin.
19:34 of 3rd period - Stopped by Ilya Bryzgalov without a rebound.
19:35 of 3rd period - RJ Umberger wins face-off versus Evgeni Malkin in Capitals zone.
Goals for this period are 2 for Flyers vs 1 for Capitals.
Shots for this period are 12 for Flyers vs 9 for Capitals.


Output by the SimonT Hockey Simulator (STHS) for Eric Dolegowski -- Original Page W3C XHTML 1.0 Valid
Hockey Simulator - Hockey Simulation - Hockey Manager